 Dungeon Crawl Stone Soup version 0.27-a0-1331-g60ef6b6952 (webtiles) character file.

Game seed: 16252214761473129140

102 Ijustatesigmund the Shield-Bearer (level 4, 0/31 HPs)
             Began as an Octopode Fighter on June 25, 2021.
             Succumbed to an adder's poison
             ... on level 2 of the Dungeon.
             The game lasted 00:03:27 (1433 turns).

Ijustatesigmund the Shield-Bearer (OpFi)            Turns: 1433, Time: 00:03:27

Health: 0/31       AC:  1    Str: 15    XL:     4   Next: 77%
Magic:  4/4        EV: 11    Int: 11    God:
Gold:   61         SH:  8    Dex: 11    Spells: 2/3 levels left

rFire    . . .     SeeInvis .   a - +0 war axe (spect)
rCold    . . .     Faith    .   b - +0 kite shield
rNeg     . . .     Spirit   .   (helmet restricted)
rPois    .         Reflect  .   (no amulet)
rElec    .         Harm     .   (no ring)
rCorr    .         Rampage  .   (no ring)
Will     .....                  (no ring)
Stlth    ++........             (no ring)
HPRegen  0.10/turn              (no ring)
MPRegen  0.09/turn              (no ring)
                                (no ring)
                                (no ring)

@: lethally poisoned (0 -> -3), on berserk cooldown, hasted and slowed
A: almost no armour, amphibious, 8 rings, camouflage 1, gelatinous body 1,
(nimble swimmer 1), tentacles
a: no special abilities


You were on level 2 of the Dungeon.
You visited 1 branch of the dungeon, and saw 2 of its levels.

You collected 61 gold pieces.

Inventory:

Hand Weapons
 a - a +0 spectral war axe (weapon)
Armour
 b - a +0 kite shield (worn)
Scrolls
 f - a scroll of blinking
Potions
 c - a potion of might
 h - a potion of cancellation {unknown}
 i - a potion of attraction {unknown}
 j - a potion of brilliance {unknown}


   Skills:
 + Level 3.5 Fighting
 * Level 3.3 Axes
 + Level 3.5 Dodging
 + Level 3.6 Shields


You had 2 spell levels left.
You knew the following spells:

 Your Spells              Type           Power      Damage    Failure   Level
a - Magic Dart            Conj           0%         1d3       83%         1

Your spell library contained the following spells:

 Spells                   Type           Power      Damage    Failure   Level
 Searing Ray              Conj           0%         3d3       93%         2
 Dazzling Flash           Conj/Hex       0%         N/A       99%         3
 Fulminant Prism          Conj/Hex       0%         3d6       100%        4
 Iskenderun's Mystic Bla  Conj/Tloc      0%         2d3       100%        4


Dungeon Overview and Level Annotations

Branches:
Dungeon (2/15)

Altars:
Xom


Innate Abilities, Weirdness & Mutations

You cannot wear most types of armour.
You are amphibious.
You can wear up to eight rings at the same time.
Your skin changes colour to match your surroundings (Stealth+).
Your rubbery body absorbs attacks. (AC +1, EV +1)
((You are camouflaged near water. (Stealth+)))
You have tentacles for arms and can constrict up to eight enemies at once.


Message History

You feel sick. You block the adder's attack.
You closely miss the adder. Your grab misses the adder.
The adder is lightly wounded.
You feel sick. The adder bites you. x2
* * * LOW HITPOINT WARNING * * *
You are more poisoned.
The adder poisons you!
You closely miss the adder. Your grab misses the adder.
The adder is lightly wounded.
You feel sick. The adder bites you.
* * * LOW HITPOINT WARNING * * *
The adder bites you.
* * * LOW HITPOINT WARNING * * *
You are lethally poisoned!
The adder poisons you!
It was a potion of haste.
You feel yourself speed up.
* * * LOW HITPOINT WARNING * * *
You feel sick. You block the adder's attack. The adder barely misses you.
It was a potion of berserk rage.
A red film seems to cover your vision as you go berserk!
You feel yourself moving faster!
You feel mighty!
* * * LOW HITPOINT WARNING * * *
You feel sick.
You feel a strong urge to attack something.
* * * LOW HITPOINT WARNING * * *
You feel sick.
* * * LOW HITPOINT WARNING * * *
You feel sick.
You feel your anger nearly subside.
* * * LOW HITPOINT WARNING * * *
You feel sick.
You closely miss the adder. You grab the adder.
The adder is lightly wounded.
You constrict the adder. You block the adder's attack.
You slash the adder!
You kill the adder!
You are no longer berserk.
You are exhausted.
You feel yourself slow down.
You die...

## #.##### ###P
#.#####
##...###########......
#...#.P#...##.........
#.SS.##..............
#.# #..............
#.# ##..._..........
#.###...............
#S.@..#.............
########.##.........
#............
#########.#.# #.#.#
#.#.# #.#)# #....
###.#


You could see a ball python.

Vanquished Creatures
  Natasha (twice) (D:2)
  2 adders (D:2)
  2 worms (D:2)
  2 dart slugs (D:2)
  2 bats (D:1)
  2 giant cockroaches
  7 goblins
  2 hobgoblins
  A quokka (D:2)
  3 ball pythons (D:2)
  3 frilled lizards (D:1)
  3 kobolds
  3 rats
34 creatures vanquished.

Notes
Turn   | Place    | Note
-------+----------+-------------------------------------------
     0 | D:1      | Ijustatesigmund the Octopode Fighter began the quest for
                  | the Orb.
     0 | D:1      | Reached XP level 1. HP: 16/16 MP: 1/1
   451 | D:1      | Reached XP level 2. HP: 21/21 MP: 2/2
   453 | D:1      | Learned a level 1 spell: Magic Dart
  1007 | D:2      | Reached XP level 3. HP: 26/26 MP: 3/3
  1131 | D:2      | Noticed Natasha
  1135 | D:2      | Killed Natasha
  1137 | D:2      | Reached XP level 4. HP: 22/31 MP: 4/4
  1281 | D:2      | Noticed Natasha
  1285 | D:2      | Killed Natasha
  1315 | D:2      | Found a shimmering altar of Xom.
  1433 | D:2      | Succumbed to an adder's poison

Illustrated notes

Levels and vault maps discovered:
D:1:      dpeg_arrival_stone_temple_mockup, layout_loops_corners,
          wad_floor_pattern_2, due_unseen_surprise
D:2:      layout_basic, basic_altar, minmay_shallow_snake_nest, uniq_natasha

Skill      XL: |  1  2  3 |
---------------+----------+-----
Axes           | 3 |  3.3
Fighting       | |  3.5
Dodging        | |  3.5
Shields        | |  3.6

Action                   |  1- 3 |  4- 6 || total
-------------------------+-------+-------++-------
Melee: War axe           |    38 |    22 ||    60
       Constrict         |    15 |     9 ||    24
       Tentacles         |     8 |     4 ||    12
  Use: Scroll            |       |     3 ||     3
       Potion            |       |     2 ||     2
 Stab: Sleeping          |     5 |       ||     5
Armor: Skin              |     2 |     3 ||     5
Dodge: Dodged            |    18 |    17 ||    35
Block: Kite shield       |     8 |    11 ||    19

Table legend: (Time is in decaauts)
 A = Elapsed time spent in this place.
 B = Non-inter-level travel time spent in this place.
 C = Inter-level travel time spent in this place.
 D = Time resting spent in this place.
 E = Time spent auto-exploring this place.
 F = Levels seen in this place.
 G = Mean time per level.
                   A        B        C        D        E       F      G
               +--------+--------+--------+--------+--------+-----+--------+
         Total |   1465 |   1426 |     39 |     30 |   1168 |   2 |  732.5 |
       Dungeon |   1465 |   1426 |     39 |     30 |   1168 |   2 |  732.5 |
               +--------+--------+--------+--------+--------+-----+--------+

Top non-repeatable levels by time:
     D:1: 1021 daAuts
     D:2: 444 daAuts
